 Dungeon Crawl Stone Soup version 0.28.0-53-g5a82cb258f (webtiles) character file.

Game seed: 6662370713269361982

2184 WilliamBlazkowicz the Chopper (level 9, 0/66 HPs)
             Began as a Human Fighter on June 21, 2022.
             Was an Initiate of Gozag.
             Succumbed to Harold's poison
             ... on level 7 of the Dungeon.
             The game lasted 00:28:59 (5749 turns).

WilliamBlazkowicz the Chopper (Human Fighter)       Turns: 5749, Time: 00:29:00

Health: 0/66       AC: 17    Str: 16    XL:     9   Next: 59%
Magic:  12/12      EV:  5    Int: 10    God:    Gozag
Gold:   624        SH:  9    Dex: 19    Spells: 10/12 levels left

rFire   . . .      SeeInvis .   n - +5 war axe "Jammiy" {spect, Dex+3}
rCold   . . .      Faith    .   c - +3 buckler
rNeg    . . .      Spirit   .   r - +0 crystal plate armour
rPois   .          Reflect  .   (no helmet)
rElec   .          Harm     .   (no cloak)
rCorr   .          Rampage  .   (no gloves)
Will    .....                   (no boots)
Stlth   ..........              (no amulet)
HPRegen 0.21/turn               j - +4 ring of evasion
MPRegen 0.13/turn               (no ring)

@: lethally poisoned (0 -> -13), marked
A: no striking features
a: Renounce Religion, Potion Petition, Call Merchant, Bribe Branch


You were on level 7 of the Dungeon.
You worshipped Gozag.
Gozag was pleased with you.
You visited 1 branch of the dungeon, and saw 7 of its levels.

You collected 823 gold pieces.
You spent 178 gold pieces at shops.
You paid 21 gold pieces to Gozag.

Inventory:

Hand Weapons
 n - the +5 war axe "Jammiy" (weapon) {spect, Dex+3}
   (You bought it in a shop on level 4 of the Dungeon)

   When its wielder attacks, the weapon's spirit leaps out and strikes again.
   The spirit shares a part of any damage it takes with its wielder.
   Dex:       It affects your dexterity (+3).
Armour
 c - a +3 buckler (worn)
 r - a +0 crystal plate armour (worn)
Jewellery
 j - a +4 ring of evasion (left hand)
Wands
 f - a wand of iceblast (3)
 h - a wand of flame (49)
 q - a wand of charming (6)
Scrolls
 a - a scroll of fear
 o - a scroll of brand weapon {unknown}
 p - a scroll of magic mapping
 t - a scroll of teleportation {unknown}
Potions
 b - a potion of cancellation {unknown}
 e - a potion of curing
 g - 4 potions of brilliance
 i - a potion of degeneration
 k - a potion of resistance
 l - a potion of mutation {unknown}
 m - a potion of ambrosia


   Skills:
 * Level 4.7 Fighting
 * Level 6.7 Axes
 * Level 3.0 Throwing
 * Level 5.2 Armour
 * Level 3.1 Dodging
 * Level 3.4 Stealth
 * Level 4.7 Shields
 * Level 2.1 Spellcasting
 * Level 2.2 Fire Magic
 * Level 2.8 Evocations


You had 10 spell levels left.
You knew the following spells:

 Your Spells              Type           Power      Damage    Failure   Level
a - Scorch                Fire           10%        2d5       100%        2

Your spell library contained the following spells:

 Spells                   Type           Power      Damage    Failure   Level
 Flame Wave               Conj/Fire      3%         2d4       100%        4
 Summon Cactus Giant      Summ           0%         N/A       100%        6


Dungeon Overview and Level Annotations

Branches:
Dungeon (7/15)             Temple (0/1) D:6

Altars:
Gozag

Shops:
D:4 (   D:7 (

Annotations:
D:7 Harold


Message History

Deactivating autopickup; reactivate with Ctrl-A.
Harold zaps a wand.
The bolt of acid hits you!! The acid corrodes you!
As you read the scroll of fear, it crumbles to dust.
You assume a fearsome visage.
Harold looks frightened!
The gnoll looks frightened!
A gnoll comes into view.
It is wielding a +1 spear of distortion.
A gnoll comes into view. It is wielding a +0 halberd.
The gnoll moves out of view.
A gnoll shaman comes into view. It is wielding a +0 whip.
The gnoll shaman moves out of view.
You start resting.
A gnoll shaman is nearby!
A gnoll shaman is nearby!
Throw: 2 darts (curare)
Press: ? - help, Q - select action, (/) - cycle Shift-Dir - straight line, f - gnoll shaman
Aim: a gnoll shaman, wielding a +0 whip and wearing a +0 robe (68% to hit)
You throw a curare-tipped dart.
The curare-tipped dart barely misses the gnoll shaman.
Throw: dart (curare)
Press: ? - help, Q - select action, (/) - cycle Shift-Dir - straight line, f - Harold
Aim: Harold, wielding a +2 glaive of venom, wearing a +0 scale mail, quivering 2 throwing nets and carrying a wand of acid (8) (lightly wounded, 74% to hit)
You throw a curare-tipped dart. The curare-tipped dart hits Harold.
Harold is poisoned.
Harold convulses.
Harold seems to slow down.
Harold is lightly wounded.
Harold hits you with a +2 glaive of venom!!
* * * LOW HITPOINT WARNING * * *
You are lethally poisoned!
Blink to where?
Press: ? - help, Dir - move target, p - Harold
As you read the scroll of blinking, it crumbles to dust.
* * * LOW HITPOINT WARNING * * *
You feel very sick.
You are no longer corroded.
* * * LOW HITPOINT WARNING * * *
You feel very sick.
* * * LOW HITPOINT WARNING * * *
You feel very sick.
You die...
Your body crumbles into a pile of gold.

#.# #.# #.# #.#
#######.# ###
#.......# #...
#.#####.#
#..#.#####.#######
#..@...ggg...@..#
#..#.####...####(#
....
#.###.....###.####
###.
#...........@.....
#
######.(#.###.....
#.##.# ##. ..∩ .g#
#.#.#.g. #.#...##


You could see a gnoll shaman and 2 gnolls.

Vanquished Creatures
  Sigmund (D:2)
  A steam dragon (D:6)
  An orc warrior (D:7)
  2 necrophages
  An ice beast (D:5)
  2 sky beasts
  A black bear (D:5)
  A centaur (D:7)
  A wyvern zombie (D:6)
  A bullfrog (D:5)
  A scorpion (D:5)
  A water moccasin zombie (D:5)
  5 wights (D:5)
  2 howler monkeys (D:7)
  3 hounds
  2 orc priests
  A bullfrog skeleton (D:6)
  2 iguanas (D:5)
  10 orc wizards
  A killer bee zombie (D:6)
  A hound skeleton (D:4)
  Robin (D:2)
  6 adders
  A shadow imp (D:7)
  An ufetubus (D:5)
  2 adder skeletons (D:4)
  A worm (D:2)
  3 dart slugs
  11 orcs
  9 endoplasms
  3 giant cockroaches
  8 hobgoblins
  A quokka (D:4)
  3 ball pythons
  5 bats
  12 goblins
  6 kobolds
114 creatures vanquished.

Vanquished Creatures (others)
  15 plants (D:1)
15 creatures vanquished.

Grand Total: 129 creatures vanquished

Notes
Turn   | Place    | Note
-------+----------+-------------------------------------------
     0 | D:1      | WilliamBlazkowicz the Human Fighter began the quest for the
                  | Orb.
     0 | D:1      | Reached XP level 1. HP: 18/18 MP: 1/1
   135 | D:1      | Reached XP level 2. HP: 17/24 MP: 2/2
   751 | D:2      | Reached XP level 3. HP: 29/29 MP: 3/3
   801 | D:2      | Noticed Sigmund
   808 | D:2      | Killed Sigmund
   809 | D:2      | Reached skill level 3 in Axes
   809 | D:2      | Reached skill level 1 in Throwing
   809 | D:2      | Reached skill level 1 in Dodging
   809 | D:2      | Reached skill level 1 in Stealth
   809 | D:2      | Reached XP level 4. HP: 18/35 MP: 4/4
   809 | D:2      | Reached XP level 5. HP: 21/41 MP: 5/5
  1467 | D:2      | Reached XP level 6. HP: 47/47 MP: 6/6
  1597 | D:2      | Noticed Robin
  1608 | D:2      | Killed Robin
  1665 | D:2      | Found an opulent altar of Gozag.
  1680 | D:2      | Became a worshipper of Gozag Ym Sagoz the Greedy
  2514 | D:4      | Found Bist's Antique Weapon Boutique.
  2518 | D:4      | Bought an ebony war axe for 178 gold pieces
  2518 | D:4      | Identified the +5 war axe "Jammiy" {spect, Dex+3} (You
                  | bought it in a shop on level 4 of the Dungeon)
  2868 | D:4      | Reached skill level 4 in Axes
  2949 | D:4      | Learned a level 2 spell: Scorch
  2963 | D:4      | Reached XP level 7. HP: 52/53 MP: 7/7
  3280 | D:5      | Entered Level 5 of the Dungeon
  3288 | D:5      | Reached skill level 1 in Evocations
  3292 | D:5      | Reached XP level 8. HP: 60/60 MP: 7/9
  3314 | D:5      | Reached skill level 5 in Axes
  3314 | D:5      | Reached skill level 1 in Spellcasting
  3314 | D:5      | Reached skill level 1 in Fire Magic
  3323 | D:5      | HP: 1/60 [wight/+2 battleaxe of freezing (3)]
  4786 | D:6      | Found a staircase to the Ecumenical Temple.
  4814 | D:6      | Reached XP level 9. HP: 59/66 MP: 11/11
  4839 | D:6      | Reached skill level 6 in Axes
  5319 | D:6      | Reached skill level 5 in Armour
  5722 | D:7      | Found Teyph's Antique Weapon Shoppe.
  5724 | D:7      | Noticed Harold
  5748 | D:7      | HP: 3/66 [poisoned by Harold]
  5749 | D:7      | Succumbed to Harold's poison

Illustrated notes

Levels and vault maps discovered:
D:1:      roderic_crop_circles_arrival_small, layout_basic
D:2:      layout_loops_ring, basic_altar, uniq_sigmund, uniq_robin
D:3:      layout_basic
D:4:      layout_cave_pools, serial_shops, nicolae_shop_hallway_stairs
D:5:      layout_loops_corners
D:6:      layout_loops_ring, minmay_temple_entry_crystal_x
D:7:      layout_loops_corners, nicolae_ru_path_of_blood, serial_shops,
          nicolae_shop_crystal, uniq_harold

Skill      XL: |  1  2  3  4  5  6  7  8  9 |
---------------+----------------------------+-----
Axes           | 3 4 5 6 |  6.7
Throwing       | 1 2 3 |  3.0
Dodging        | 1 2 3 |  3.1
Stealth        | 1 2 3 |  3.4
Armour         | 4 5 |  5.2
Shields        | 4 |  4.7
Evocations     | 1 2 |  2.8
Fighting       | 4 |  4.7
Spellcasting   | 1 2 |  2.1
Fire Magic     | 1 2 |  2.2

Action                   |  1- 3 |  4- 6 |  7- 9 || total
-------------------------+-------+-------+-------++-------
Melee: War axe           |    38 |    90 |    93 ||   221
Throw: Dart              |     5 |     6 |    18 ||    29
Evoke: Wand              |       |       |     4 ||     4
  Use: Scroll            |     2 |     5 |     7 ||    14
       Potion            |       |       |     4 ||     4
Armor: Scale mail        |    16 |    38 |     4 ||    58
       Crystal plate arm |       |       |    29 ||    29
Dodge: Dodged            |    11 |    34 |    22 ||    67
Block: Buckler           |    12 |    23 |    33 ||    68
